 Dungeon Crawl Stone Soup version 0.31-a0-931-g7b59d4eb97 (webtiles) character file.

Game seed: 5400408975981018012

46 CowFu the Trooper (level 3, -1/29 (33) HPs)
             Began as an Ogre Reaver on Oct 20, 2023.
             Was a Follower of Hepliaklqana.
             Slain by a gnoll
             ... wielding a +0 spear
              (2 damage)
             ... on level 2 of the Dungeon.
             The game lasted 00:01:33 (1020 turns).

CowFu the Trooper (Ogre Reaver)                     Turns: 1020, Time: 00:01:34

HP:   -1/29 (33)    AC:  3    Str: 18    XL:     3   Next: 68%
MP:   6/7           EV:  9    Int: 14    God:    Hepliaklqana [*.....]
Gold: 39            SH:  0    Dex:  7    Spells: 6/7 levels left

rFire   . . .        a - +0 mace
rCold   . . .        (no shield)
rNeg    . . .        b - +0 robe
rPois   .            (helmet restricted)
rElec   .            (no cloak)
rCorr   .            (gloves unavailable)
SInv    .            (boots unavailable)
Will    .....        (no amulet)
Stlth   +            (no ring)
HPRegen 0.24/turn    (no ring)
MPRegen 0.10/turn

%: no passive effects
@: heavily drained
A: reduced essence, large, unfitting armour, tough skin 1
a: Renounce Religion, Recall Ancestor, Ancestor Identity


You were on level 2 of the Dungeon.
You worshipped Hepliaklqana.
Hepliaklqana was aware of your devotion.
You visited 1 branch of the dungeon, and saw 2 of its levels.

You collected 39 gold pieces.

Inventory:

Hand Weapons
 a - a +0 mace (weapon)
Armour
 b - a +0 robe (worn)
Scrolls
 c - a scroll of poison {unknown}
 d - a scroll of amnesia {unknown}
 e - a scroll of noise {unknown}
Potions
 f - a potion of ambrosia {unknown}


   Skills:
 + Level 3.3 Fighting
 + Level 3.0 Maces & Flails
 + Level 2.2 Dodging
 + Level 2.9 Spellcasting
 - Level 3.0 Conjurations


You had 6 spell levels left.
You knew the following spells:

 Your Spells              Type           Power      Damage    Failure   Level
a - Kiss of Death         Conj/Necr      24%        2d7       12%         1

Your spell library contained the following spells:

 Spells                   Type           Power      Damage    Failure   Level
 Momentum Strike          Conj/Tloc      12%        3d8       19%         2
 Hailstorm                Conj/Ice       6%         3d4       34%         3


Dungeon Overview and Level Annotations

Branches:
Dungeon (1/15)

Altars:
Hepliaklqana

Shops:
D:2 [


Innate Abilities, Weirdness & Mutations

Your life essence is reduced to manifest your ancestor. (-10% HP)
You are too large for most types of armour.
You have tough skin. (AC +1)


Message History

You see here a frilled lizard corpse.
You hit the gnoll.
The gnoll is moderately wounded.
The gnoll hits you with a +0 club.
The gnoll hits you from afar with a +0 spear.
You closely miss the gnoll.
The gnoll is moderately wounded.
Bolek emerges from the mists of memory!
The gnoll hits you with a +0 club.
The gnoll hits you from afar with a +0 spear.
The gnoll hits you with a +0 club.
Casting: Kiss of Death (safe; 12% risk of failure)
Confirm with . or Enter, or press ? or * to list all spells.
Aiming: Kiss of Death (safe; 12% risk of failure)
Press: ? - help, Shift-Dir - straight line, f - gnoll
Aim: a gnoll, wielding a +0 club (moderately wounded, ally target, 100% to hit)
The negative energy hits the gnoll.
The gnoll is drained!
The gnoll is severely wounded.
You feel drained.
The gnoll hits you from afar with a +0 spear.
The gnoll barely misses you.
You hit the gnoll but do no damage.
The gnoll is severely wounded.
The gnoll hits you from afar with a +0 spear.
The gnoll barely misses you.
You closely miss the gnoll.
The gnoll is severely wounded.
The gnoll hits you from afar with a +0 spear.
* * * LOW HITPOINT WARNING * * *
The gnoll hits you with a +0 club.
* * * LOW HITPOINT WARNING * * *
Bolek hits the gnoll.
The gnoll dies!
Bolek hits the gnoll.
The gnoll attacks as it pursues you! The gnoll hits you but does no damage.
Bolek misses the gnoll.
The gnoll hits you from afar with a +0 spear.
* * * LOW HITPOINT WARNING * * *
Bolek barely misses the gnoll.
The gnoll attacks as it pursues you!
The gnoll hits you from afar with a +0 spear.
You die...

...#.#.# #.# #.# #.#.#.#
#.#####.#
#...#.#######.......#
##............########
...###.............#
#......#########..#
#.####............#
..#.##.....<...##...#
...........@....#...#
....##.†........#...# .##
#.....g....#†..#
..........R..#...#
............g.#...#
...............#...########
##############)#...##......
#.#...##.####.
#.#.......###


You could see the friendly Bolek the ancestor and 2 gnolls.

Vanquished Creatures
  2 dart slugs (D:1)
  3 bats (D:1)
  2 endoplasms (D:2)
  3 giant cockroaches
  5 goblins
  A hobgoblin (D:1)
  2 jackals (D:2)
  3 ball pythons (D:1)
  2 frilled lizards (D:2)
  2 kobolds (D:2)
  2 rats
27 creatures vanquished.

Vanquished Creatures (collateral kills)
  A gnoll (D:2)
  A hobgoblin (D:2)
  A bat (D:2)
  A kobold (D:1)
4 creatures vanquished.

Vanquished Creatures (others)
  An ancestor (D:2)
1 creature vanquished.

Grand Total: 32 creatures vanquished

Notes
Turn   | Place    | Note
-------+----------+-------------------------------------------
     0 | D:1      | CowFu the Ogre Reaver began the quest for the Orb.
     0 | D:1      | Reached XP level 1. HP: 22/22 MP: 3/3
   178 | D:1      | Reached XP level 2. HP: 29/31 MP: 5/5
   278 | D:1      | Found a faded altar of an unknown god.
   305 | D:1      | Prayed at the altar of an unknown god.
   305 | D:1      | Became a worshipper of Hepliaklqana the Forgotten
   305 | D:1      | Reached * piety under Hepliaklqana
   523 | D:1      | You fall into a shaft and drop 1 floor!
   537 | D:2      | Reached XP level 3. HP: 32/33 MP: 4/7
   963 | D:2      | Found Melebeot's Armour Boutique.
  1019 | D:2      | HP: 1/29 [gnoll/+0 spear (3)]
  1020 | D:2      | Slain by a gnoll

Illustrated notes

Levels and vault maps discovered:
D:1:      onia_arrival_mini_spirals, layout_loops_ring, serial_shops,
          nicolae_shop_tiny_statue_garden, hellmonk_ecumenical_altar_zigzags
D:2:      layout_basic, serial_shops, nicolae_shop_advertising_works
          [nicolae_subvault_shop_adworks]

Skill      XL: |  1  2  3 |
---------------+----------+-----
Fighting       | 3 |  3.3
Dodging        | 2 |  2.2
Conjurations   | 3 |  3.0
Maces & Flails | 3 |  3.0
Spellcasting   | |  2.9

Action                     || total
---------------------------++-------
  Melee: Mace              ||    96
         Punch             ||     1
   Cast: Kiss of Death     ||     1
 Invoke: Recall Ancestor   ||     1
   Stab: Distracted        ||     1
 Armour: Robe              ||    88
  Dodge: Dodged            ||    52

Table legend: (Time is in decaauts)
 A = Elapsed time spent in this place.
 B = Non-inter-level travel time spent in this place.
 C = Inter-level travel time spent in this place.
 D = Time resting spent in this place.
 E = Time spent auto-exploring this place.
 F = Levels seen in this place.
 G = Mean time per level.
                   A        B        C        D        E       F      G
               +--------+--------+--------+--------+--------+-----+--------+
         Total |   1044 |   1044 |      0 |      0 |    778 |   2 |  522.0 |
       Dungeon |   1044 |   1044 |      0 |      0 |    778 |   2 |  522.0 |
               +--------+--------+--------+--------+--------+-----+--------+

Top non-repeatable levels by time:
     D:1: 539 daAuts
     D:2: 505 daAuts
